 Dungeon Crawl Stone Soup version 0.29.1-15-g9cfb28693d (webtiles) character file.

Game seed: 12857384303425248490

34 javelincjr the Caller (level 3, 0/25 HPs)
             Began as a Gnoll Summoner on Apr 17, 2023.
             Was an Initiate of Ashenzari.
             Slain by an adder (1 damage)
             ... on level 2 of the Dungeon.
             The game lasted 00:03:47 (1152 turns).

javelincjr the Caller (Gnoll Summoner)              Turns: 1152, Time: 00:03:48

Health: 0/25       AC:  2    Str:  9    XL:     3   Next: 31%
Magic:  6/9        EV: 13    Int: 14    God:    Ashenzari [......]
Gold:   39         SH:  0    Dex: 12    Spells: 11/12 levels left

rFire   . . .      SeeInvis .   e - +0 short sword
rCold   . . .      Faith    .   (no shield)
rNeg    . . .      Spirit   .   a - +0 robe
rPois   .          Reflect  .   (no helmet)
rElec   .          Harm     .   (no cloak)
rCorr   .          Rampage  .   (no gloves)
Will    +....                   (no boots)
Stlth   ++........              (no amulet)
HPRegen 0.08/turn               g - ring of willpower
MPRegen 0.11/turn               (no ring)

@: lethally poisoned (0 -> -2)
A: fangs 1, strong nose, distributed training
a: Renounce Religion, Curse Item


You were on level 2 of the Dungeon.
You worshipped Ashenzari.
Ashenzari was noncommittal.
You visited 1 branch of the dungeon, and saw 2 of its levels.

You collected 39 gold pieces.

Inventory:

Hand Weapons
 e - a +0 short sword (weapon)
Armour
 a - a +0 robe (worn)
Magical Staves
 i - a staff of air
Jewellery
 g - a ring of willpower (left hand)
Scrolls
 d - 2 scrolls of enchant armour {unknown}
 f - 2 scrolls of fear {unknown}
 h - a scroll of teleportation {unknown}
Potions
 b - a potion of magic
 c - a potion of degeneration {unknown}
 j - a potion of haste {unknown}


   Skills:
 + Level 0.8 Fighting
 + Level 0.8 Short Blades
 + Level 0.8 Long Blades
 + Level 0.8 Axes
 + Level 0.8 Maces & Flails
 + Level 0.8 Polearms
 + Level 0.8 Staves
 + Level 0.8 Ranged Weapons
 + Level 0.8 Throwing
 + Level 0.8 Armour
 + Level 4.5 Dodging
 + Level 4.1 Stealth
 + Level 0.8 Shields
 + Level 0.8 Unarmed Combat
 + Level 5.0 Spellcasting
 + Level 0.5 Conjurations
 + Level 0.5 Hexes
 + Level 7.1 Summonings
 + Level 0.5 Necromancy
 + Level 0.5 Translocations
 + Level 0.5 Transmutations
 + Level 0.5 Fire Magic
 + Level 0.5 Ice Magic
 + Level 0.5 Air Magic
 + Level 0.5 Earth Magic
 + Level 0.5 Poison Magic
 + Level 1.0 Invocations
 + Level 0.8 Evocations


You had 11 spell levels left.
You knew the following spells:

 Your Spells              Type           Power      Damage    Failure   Level
a - Summon Small Mammal   Summ           92%        N/A       1%          1

Your spell library contained the following spells:

 Spells                   Type           Power      Damage    Failure   Level
 Call Imp                 Summ           23%        N/A       1%          2
 Call Canine Familiar     Summ           23%        N/A       2%          3
 Summon Guardian Golem    Hex/Summ       14%        N/A       11%         3
 Summon Lightning Spire   Summ/Air       14%        N/A       34%         4
 Portal Projectile        Hex/Tloc       10%        N/A       38%         3
 Leda's Liquefaction      Hex/Erth       2%         N/A       80%         4


Dungeon Overview and Level Annotations

Branches:
Dungeon (2/15)

Altars:
Ashenzari

Annotations:
D:1 1 transporter


Innate Abilities, Weirdness & Mutations

You have very sharp teeth.
Your uncanny sense of smell can sniff out nearby items.
Your experience applies equally to all skills.


Message History

A hobgoblin comes into view.
The adder hisses angrily.
An adder comes into view.
The adder bites you.
You are poisoned.
The adder poisons you!
You see here a +0 club.
The hobgoblin shouts!
The adder hisses angrily.
You hit the adder.
The adder is lightly wounded.
You feel sick. The adder closely misses you.
You feel sick. The adder bites you. The adder barely misses you.
You feel sick. The adder bites you.
You swap places.
You feel sick. The adder bites your rat.
Your rat is poisoned.
The adder poisons your rat! The adder closely misses your quokka.
Your quokka closely misses the adder.
Your rat barely misses the adder.
You feel sick.
Your rat dies!
Your rat's corpse disappears in a puff of smoke!
The adder bites your quokka.
Your quokka closely misses the adder.
The adder misses your quokka.
You feel sick.
Your quokka bites the adder.
The adder bites your quokka. The adder attacks as you move away!
The adder bites you.
* * * LOW HITPOINT WARNING * * *
You are more poisoned.
The adder poisons you!
* * * LOW HITPOINT WARNING * * *
You feel sick.
Your quokka misses the adder. x2
You are too injured to fight recklessly!
* * * LOW HITPOINT WARNING * * *
You feel sick. The hobgoblin completely misses you.
Your quokka completely misses the adder.
The adder bites you.
* * * LOW HITPOINT WARNING * * *
Casting: Summon Small Mammal (safe; 1% risk of failure)
Confirm with . or Enter, or press ? or * to list all spells.
* * * LOW HITPOINT WARNING * * *
You feel sick. The hobgoblin closely misses you. The adder bites you.
You die...

#)#...#....##
##.....#.....#
.(...#.#.#.#.#
......###..#.#
.......#†..#.#####
...).............#
#######..........#
#######..........##########
................@SS.....).#
........########.gr.r.....#
..).†...# #.....)....#
......>.# #......>$.....
........# #.............
##.###### #...>.........
#.# #..........### #.#
#..........# #.#
#..........#


You could see 2 adders, a hobgoblin (ally target) and 2 friendly quokkas.

Vanquished Creatures
  An endoplasm (D:1)
  2 goblins
  2 hobgoblins (D:1)
  A jackal (D:1)
  3 rats (D:1)
9 creatures vanquished.

Vanquished Creatures (collateral kills)
  A dart slug (D:1)
  An endoplasm (D:1)
  A hobgoblin (D:1)
  5 jackals (D:1)
  A quokka (D:2)
  6 ball pythons
  A bat (D:1)
  2 frilled lizards (D:1)
  2 goblins
  A kobold (D:1)
21 creatures vanquished.

Grand Total: 30 creatures vanquished

Notes
Turn   | Place    | Note
-------+----------+-------------------------------------------
     0 | D:1      | javelincjr the Gnoll Summoner began the quest for the Orb.
     0 | D:1      | Reached XP level 1. HP: 13/13 MP: 6/6
   113 | D:1      | Reached XP level 2. HP: 18/19 MP: 5/7
   714 | D:1      | Reached skill level 5 in Spellcasting
   714 | D:1      | Reached XP level 3. HP: 24/25 MP: 6/9
   790 | D:1      | Found a faded altar of an unknown god.
   798 | D:1      | Prayed at the altar of an unknown god.
   798 | D:1      | Became a worshipper of Ashenzari the Shackled
  1098 | D:2      | Reached skill level 1 in Invocations
  1152 | D:2      | HP: 1/25 [poisoned by an adder]
  1152 | D:2      | Slain by an adder

Illustrated notes

Levels and vault maps discovered:
D:1:      spicycebolla_arrival_risky_transporter, layout_rooms,
          serial_corexii_hall, corexii_hall_statues_l,
          chequers_hall_statues_corner_a, corexii_hall_statues_l,
          chequers_hall_statues_corner_a, hellmonk_ecumenical_altar_crossroads
D:2:      layout_basic, serial_shops, nicolae_shop_advertising_works
          [nicolae_subvault_shop_adworks], uniq_natasha, uniq_robin

Skill      XL: |  1  2  3 |
---------------+----------+-----
Spellcasting   | 5 |  5.0
Invocations    | 1 |  1.0
Fighting       | |  0.8
Short Blades   | |  0.8
Long Blades    | |  0.8
Axes           | |  0.8
Maces & Flails | |  0.8
Polearms       | |  0.8
Staves         | |  0.8
Ranged Weapons | |  0.8
Throwing       | |  0.8
Armour         | |  0.8
Dodging        | |  4.5
Stealth        | |  4.1
Shields        | |  0.8
Unarmed Combat | |  0.8
Conjurations   | |  0.5
Hexes          | |  0.5
Summonings     | |  7.1
Necromancy     | |  0.5
Translocations | |  0.5
Transmutations | |  0.5
Fire Magic     | |  0.5
Ice Magic      | |  0.5
Air Magic      | |  0.5
Earth Magic    | |  0.5
Poison Magic   | |  0.5
Evocations     | |  0.8

Action                   || total
-------------------------++-------
Melee: Unarmed           ||    24
       Bite              ||     6
       Short sword       ||    29
       Punch             ||     1
 Cast: Summon Small Mamm ||    31
 Stab: Sleeping          ||     1
Armor: Robe              ||     3
Dodge: Dodged            ||    40
